 Dungeon Sprint DCSS version 0.31-a0-325-g067879e3d3 (webtiles) character file.

Game seed: 15407124087168661739

16704 HallandMoats the Severer (level 12, -2/99 HPs)
             Began as a Demonspawn Monk on July 19, 2023.
             Was the Champion of Qazlal.
             Slain by a vampire knight
             ... wielding the +8 autumn katana {manifold assault}
              (13 damage)
             ... while paralysed by a vampire knight
             ... in the Dungeon (Sprint V: "Ziggurat Sprint").
             The game lasted 00:06:59 (962 turns).

HallandMoats the Severer (Demonspawn Monk)           Turns: 962, Time: 00:07:00

Health: -2/99      AC: 35    Str: 32 (33) XL:     12   Next: 12%
Magic:  6/22       EV:  2    Int: 11      God:    Qazlal [******]
Gold:   0          SH:  0    Dex: 19      Spells: 11/11 levels left

rFire   + . .        B - +16 obsidian axe {drain, demonic, Mesm Drain Fly SInv}
rCold   + + .        C - +18 shield of the Gong {Loud rN+ Will+ rCorr EV-5}
rNeg    + . .        k - +5 gold dragon scales
rPois   +            o - +4 helmet of the Blue Moon {Str+4 Dex+3}
rElec   .            (no cloak)
rCorr   +            (gloves unavailable)
SInv    +            (no boots)
Will    +....        a - amulet of reflection Stlth
                     A - +6 ring of strength
HPRegen 0.36/turn    z - +6 ring of strength
MPRegen 0.18/turn

%: no teleportation, repel missiles, reflection
@: paralysed, protected from physical damage, flying, mesmerised, unable to
drink
A: icy blue scales 3, condensation shield, demonic magic 1, demonic touch 3,
deterioration 1, frail 1, inability to drink after injury 1
a: Renounce Religion, Upheaval, Elemental Force, Disaster Area


You were in the Dungeon.
You worshipped Qazlal.
Qazlal was exalted by your worship.
You visited 1 branch

Inventory:

Hand Weapons
 B - the +16 obsidian axe (weapon) {drain, demonic, Mesm Drain Fly SInv}
   (You found it in the Dungeon)

   Mesm:      Its wielder is mesmerised by any visible foes, and it cannot be
   unequipped while any foes are visible.
   SInv:      It lets you see invisible.
   Fly:       It grants you flight.
   Drain:     It drains your maximum health when unequipped.
Armour
 d - the +7 storm dragon scales of Idealism {+Inv rElec Str+3}
   (You found it in the Dungeon)

   Str:       It affects your strength (+3).
   rElec:     It insulates you from electricity.
   +Inv:      It lets you turn invisible.
 k - +5 gold dragon scales (worn)
 o - the +4 helmet of the Blue Moon (worn) {Str+4 Dex+3}
   (You found it in the Dungeon)

   Str:       It affects your strength (+4).
   Dex:       It affects your dexterity (+3).
 C - the +18 shield of the Gong (worn) {Loud rN+ Will+ rCorr EV-5}
   (You found it in the Dungeon)

   Loud:      It is deafeningly noisy when blocking attacks.
   EV:        It affects your evasion (-5).
   rN:        It protects you from negative energy.
   rCorr:     It protects you from acid and corrosion.
   Will:      It increases your willpower.
Jewellery
 a - an amulet of reflection (around neck)
 b - a ring of positive energy
 v - the ring "Sehan" {rPois Str+2 Int+6}
   (You found it in the Dungeon)

   [ring of intelligence]

   Str:       It affects your strength (+2).
   Int:       It affects your intelligence (+6).
   rPois:     It protects you from poison.
 x - a ring of resist corrosion
 z - a +6 ring of strength (right hand)
 A - a +6 ring of strength (left hand)
Wands
 u - a wand of roots (17)
 w - a wand of mindburst (10)
Scrolls
 j - 4 scrolls of blinking
 q - 4 scrolls of amnesia
 r - 7 scrolls of fog
 s - 5 scrolls of identify
 t - 2 scrolls of fear
Potions
 c - a potion of ambrosia
 e - 10 potions of curing
 f - 7 potions of heal wounds
 g - 8 potions of haste
 h - 7 potions of magic
 i - a potion of berserk rage
 l - 2 potions of brilliance
 m - 2 potions of invisibility
 n - 4 potions of resistance
 p - 5 potions of might


   Skills:
 * Level 16.1 Fighting
 * Level 16.9 Axes
 + Level 10.6 Armour
 + Level 11.1 Dodging
 + Level 10.2 Shields
 + Level 14.3 Invocations


You had 11 spell levels left.
You didn't know any spells.
Your spell library contained the following spells:

 Spells                   Type           Power      Damage    Failure   Level
 Magic Dart               Conj           0%         1d3       100%        1
 Cigotuvi's Dreadful Rot  Necr/Pois/Air  0%         N/A       100%        2
 Ensorcelled Hibernation  Hex/Ice        0%         N/A       100%        2
 Scorch                   Fire           0%         2d5       100%        2
 Confusing Touch          Hex            0%         N/A       100%        3
 Frozen Ramparts          Ice            0%         1d1       100%        3
 Hailstorm                Conj/Ice       0%         3d3       100%        3
 Ozocubu's Armour         Ice            0%         N/A       100%        3
 Cause Fear               Hex            0%         N/A       100%        4
 Polar Vortex             Ice            0%         N/A       100%        9


Dungeon Overview and Level Annotations

Branches:
Dungeon (1/1)

Altars:
Ashenzari
Cheibriados
Dithmenos
Fedhas
Gozag
Hepliaklqana
Kikubaaqudgha
Makhleb
Nemelex Xobeh
Okawaru
Qazlal
Ru
Sif Muna
Trog
Uskayaw
Vehumet
Wu Jian
Xom
Yredelemnul
Jiyva
Lugonu

Annotations:
D 1 transporter


Innate Abilities, Weirdness & Mutations

You are completely covered in icy blue scales. (AC +4, rC+)
A meltable shield of frost defends you. (SH +4)
Spells you cast may paralyse adjacent enemies.
Your touch may irresistibly damage your foes and sap their willpower.
Your body sometimes deteriorates upon taking damage.
You are frail. (-10% HP)
You occasionally lose the ability to drink potions when taking damage.


Message History

You slice the lich!!
The lich is severely damaged.
You hit the vampire knight.
The vampire knight is no longer encased in ice.
The vampire knight casts a spell at you.
You suddenly lose the ability to move!
Visions of slaying the vampire knight flood into your mind.
The vampire knight hits you but does no damage.
The vampire knight bites you.
The lich is engulfed in a thunderstorm.
You destroy the lich!
Qazlal accepts your kill.
The vampire knight is engulfed in freezing vapours.
The vampire knight hits you but does no damage.
The vampire knight bites you but does no damage.
Your Fighting skill increases to level 16!
Your Dodging skill increases to level 11!
The vampire knight is engulfed in freezing vapours.
The vampire knight hits you with the +8 autumn katana {manifold assault}!
You feel protected from physical attacks.
The vampire knight bites you but does no damage.
The vampire knight is engulfed in freezing vapours.
The vampire knight hits you with the +8 autumn katana {manifold assault}!
You feel more protected from physical attacks.
The vampire knight bites you.
The vampire knight draws strength from your injuries!
The vampire knight hits you with the +8 autumn katana {manifold assault}!!
You feel more protected from physical attacks.
The vampire knight bites you!
Your body deteriorates!
You feel weakened.
The vampire knight draws strength from your injuries!
The vampire knight hits you with the +8 autumn katana {manifold assault}!
You feel threatened and lose the ability to drink potions!
* * * LOW HITPOINT WARNING * * *
The vampire knight bites you but does no damage.
The vampire knight hits you with the +8 autumn katana {manifold assault}!
* * * LOW HITPOINT WARNING * * *
You feel more protected from physical attacks.
The vampire knight bites you but does no damage.
The vampire knight hits you with the +8 autumn katana {manifold assault}!
You die...

▓▓▓▓▓▓▓▓▓▓▓▓
▓...8©8...▓...8©8...▓.
▓..):=.|).▓.)))=....▓.
▓..≈)./≈).▓...).)...▓.
▓.)...)...▓...).....▓.
▓..).≈..≈.▓..)))....▓.
▓...§.....▓...))....▓.
▓..☼V.....▓.........▓.
▓..▓.@.▓..▓.........▓.
▓.▓..°.○▓.▓.▓.....▓.▓.
▓...○☼....▓....©....▓▓
▓▓▓▓▓▓▓▓▓▓▓▓▓▓▓▓▓▓▓▓▓


You could see a vampire knight (mesmerising, fast).

Vanquished Creatures
  A tentacled monstrosity (D)
  A lich (D)
  A green draconian (D)
  A red draconian (D)
  2 black draconians (D)
  A purple draconian (D)
  A white draconian (D)
  2 yellow draconians (D)
  A mummy priest (D)
  A death scarab (D)
  A skeletal warrior (D)
  A necromancer (D)
  A wolf spider (D)
  A shining eye (D)
  A cyclops (shapeshifter) (D)
  An ugly thing (D)
  A moth of wrath (D)
  A naga mage (D)
  2 rime drakes (D)
  2 guardian mummies (D)
  A spriggan (shapeshifter) (D)
  A jumping spider (D)
  A wyvern (D)
  A wyvern (shapeshifter) (D)
  A human (shapeshifter) (D)
  A steam dragon (D)
  3 neqoxecs (D)
  A redback (D)
  3 nagas (D)
  An acid dragon (D)
  2 water moccasins (D)
  A swamp drake (D)
  A scorpion (D)
  2 wights (D)
  A crimson imp (D)
  2 orc priests (D)
  2 mummies (D)
  2 adders (D)
  A shadow imp (D)
  An adder zombie (D)
  An adder skeleton (D)
  3 orcs (D)
  2 bat zombies (D)
  4 ball pythons (D)
  A ball python skeleton (D)
  A ball python zombie (D)
  A giant cockroach zombie (D)
  A jackal skeleton (D)
  A quokka zombie (D)
68 creatures vanquished.

Vanquished Creatures (collateral kills)
  An ugly thing (D)
  A neqoxec (D)
  A naga (D)
  3 scorpions (D)
6 creatures vanquished.

Grand Total: 74 creatures vanquished

Notes
Turn   | Place    | Note
-------+----------+-------------------------------------------
     0 | D        | HallandMoats the Demonspawn Monk began the quest for the
                  | Orb.
     0 | D        | Reached XP level 1. HP: 18/18 MP: 1/1
     5 | D        | Found a shimmering blue altar of Sif Muna.
     5 | D        | Found a sacrificial altar of Ru.
     5 | D        | Found a bloodstained altar of Trog.
     5 | D        | Found a stormy altar of Qazlal.
     5 | D        | Found an iron altar of Okawaru.
     5 | D        | Found a sparkling altar of Nemelex Xobeh.
     5 | D        | Found a blossoming altar of Fedhas.
     5 | D        | Found the +6 Majin-Bo {spellvamp, MP+6 Int+6}
     5 | D        | Found the +27 heavy crossbow "Sniper" {heavy, Acc+∞ SInv}
     5 | D        | Found the +10 dark maul {heavy}
     5 | D        | Found the +15 Maxwell's patent armour {-Cast -Tele rElec
                  | Will+ rCorr}
     5 | D        | Found the +18 shield of the Gong {Loud rN+ Will+ rCorr
                  | EV-5}
     5 | D        | Found the +16 obsidian axe {drain, demonic, Mesm Drain Fly
                  | SInv}
     5 | D        | Found the +7 great mace "Firestarter" {flame, immolate,
                  | rFlCloud rF++}
     5 | D        | Found the +6 shillelagh "Devastator" {shatter}
     5 | D        | Found the +11 plutonium sword {Contam Stlth-}
     5 | D        | Found the +8 lance "Wyrmbane" {slay drac, rPois rF+ rC+
                  | AC+3}
     5 | D        | Found the +9 sword of Zonguldrok {reap}
     5 | D        | Found the +13 scythe of Curses {drain, curses, Drain}
     5 | D        | Found the +9 sword of Power {lifebolt}
     5 | D        | Found the +7 mace of Variability {chaos, chaos arc}
     5 | D        | Found the +11 Singing Sword {sonic wave}
     5 | D        | Found the +8 storm bow {elec, penet}
     7 | D        | Found a transporter.
     7 | D        | Found an ancient bone altar of Kikubaaqudgha.
     7 | D        | Found a viscous altar of Jiyva.
     7 | D        | Found a corrupted altar of Lugonu.
     7 | D        | Found a hazy altar of Hepliaklqana.
     7 | D        | Found a burning altar of Makhleb.
     7 | D        | Found an opulent altar of Gozag.
    25 | D        | Became a worshipper of Qazlal Stormbringer
    25 | D        | Reached * piety under Qazlal
    25 | D        | Reached ** piety under Qazlal
    63 | D        | Gained mutation: Your touch may inflict minor irresistible
                  | damage on your foes. [demonic ancestry]
    63 | D        | Reached XP level 2. HP: 26/26 MP: 1/4
    98 | D        | Entered arena 2.
    98 | D        | Noticed a crimson imp
    98 | D        | Found a transporter.
   100 | D        | Killed a crimson imp
   101 | D        | Reached skill level 5 in Fighting
   101 | D        | Gained mutation: You are partially covered in icy blue
                  | scales. (AC +2) [demonic ancestry]
   101 | D        | Reached XP level 3. HP: 33/33 MP: 5/5
   105 | D        | Entered arena 3.
   105 | D        | Noticed a red ugly thing
   105 | D        | Noticed a tengu
   105 | D        | Noticed a human
   105 | D        | Found a transporter.
   108 | D        | a tengu changed into a wyvern
   108 | D        | Noticed a wyvern (shapeshifter)
   111 | D        | Killed a human
   112 | D        | Reached skill level 5 in Invocations
   112 | D        | Gained mutation: Your touch may inflict irresistible damage
                  | on your foes. [demonic ancestry]
   112 | D        | Reached XP level 4. HP: 41/41 MP: 5/7
   112 | D        | Reached XP level 5. HP: 47/47 MP: 5/8
   112 | D        | Killed a wyvern
   112 | D        | Reached *** piety under Qazlal
   113 | D        | Reached skill level 5 in Dodging
   113 | D        | Reached XP level 6. HP: 55/55 MP: 5/10
   113 | D        | Killed a red ugly thing
   114 | D        | Reached skill level 5 in Armour
   114 | D        | Reached skill level 5 in Shields
   114 | D        | Gained mutation: Spells you cast may paralyse adjacent
                  | enemies. [demonic ancestry]
   114 | D        | Reached XP level 7. HP: 63/63 MP: 5/12
   175 | D        | Entered arena 4.
   175 | D        | Found a transporter.
   178 | D        | Reached **** piety under Qazlal
   257 | D        | Entered arena 5.
   257 | D        | Found a transporter.
   262 | D        | Reached ***** piety under Qazlal
   268 | D        | Entered arena 6.
   268 | D        | Found a transporter.
   277 | D        | Got the +7 storm dragon scales of Idealism {+Inv rElec
                  | Str+3}
   291 | D        | Entered arena 7.
   291 | D        | Noticed a mummy priest
   291 | D        | Noticed a guardian mummy
   291 | D        | Noticed a guardian mummy
   291 | D        | Noticed a death scarab
   292 | D        | Found a transporter.
   298 | D        | Killed a guardian mummy
   299 | D        | Gained mutation: Your touch may irresistibly damage your
                  | foes and sap their willpower. [demonic ancestry]
   299 | D        | Reached XP level 8. HP: 55/72 MP: 4/14
   301 | D        | Noticed a flayed ghost
   301 | D        | Noticed a flayed ghost
   303 | D        | Noticed a shadow wraith
   303 | D        | Noticed a jiangshi
   303 | D        | Killed a mummy priest
   303 | D        | Killed a guardian mummy
   304 | D        | Reached skill level 10 in Fighting
   304 | D        | Reached skill level 10 in Axes
   304 | D        | Reached XP level 9. HP: 25/79 MP: 5/15
   312 | D        | Killed a death scarab
   455 | D        | Got the ring "Sehan" {rPois Str+2 Int+6}
   461 | D        | Entered arena 8.
   461 | D        | Noticed a rime drake
   461 | D        | Noticed a rime drake
   463 | D        | Found a transporter.
   465 | D        | Killed a rime drake
   466 | D        | Reached skill level 10 in Invocations
   466 | D        | Killed a rime drake
   466 | D        | Reached ****** piety under Qazlal
   477 | D        | Got the +4 helmet of the Blue Moon {Str+4 Dex+3}
   489 | D        | Entered arena 9.
   489 | D        | Noticed a wolf spider
   492 | D        | Found a transporter.
   494 | D        | Gained mutation: You are mostly covered in icy blue scales.
                  | (AC +3) [demonic ancestry]
   494 | D        | Reached XP level 10. HP: 64/90 MP: 16/18
   494 | D        | Killed a wolf spider
   567 | D        | Acquired a manual of Axes
   575 | D        | Entered arena 10.
   575 | D        | Noticed a green ugly thing
   575 | D        | Noticed a shining eye
   576 | D        | Gained mutation: You are frail. (-10% HP) [a shining eye]
   576 | D        | Gained mutation: Your body sometimes deteriorates upon
                  | taking damage. [a neqoxec]
   577 | D        | Found a transporter.
   578 | D        | a hornet changed into a cyclops
   578 | D        | Noticed a cyclops (shapeshifter)
   581 | D        | Gained mutation: You occasionally lose the ability to drink
                  | potions when taking damage. [a neqoxec]
   581 | D        | Killed a cyclops
   583 | D        | Killed a shining eye
   586 | D        | Killed a green ugly thing
   598 | D        | Entered arena 11.
   598 | D        | Noticed a naga mage
   599 | D        | Found a transporter.
   614 | D        | Killed a naga mage
   625 | D        | Entered arena 12.
   625 | D        | Noticed a white draconian
   625 | D        | Noticed a moth of wrath
   625 | D        | Noticed a red draconian
   625 | D        | Noticed a tentacled monstrosity
   625 | D        | Noticed a purple draconian
   626 | D        | Noticed a black draconian
   626 | D        | Noticed a green draconian
   626 | D        | Noticed a yellow draconian
   626 | D        | Noticed a black draconian
   626 | D        | Noticed a yellow draconian
   627 | D        | Killed a moth of wrath
   628 | D        | Killed a white draconian
   628 | D        | Killed a black draconian
   629 | D        | Gained mutation: You are completely covered in icy blue
                  | scales. (AC +4, rC+) [demonic ancestry]
   629 | D        | Reached XP level 11. HP: 66/90 MP: 3/20
   629 | D        | Found a transporter.
   633 | D        | Killed a yellow draconian
   634 | D        | Reached skill level 10 in Dodging
   634 | D        | Killed a tentacled monstrosity
   635 | D        | Reached skill level 15 in Axes
   635 | D        | Killed a red draconian
   636 | D        | Reached skill level 15 in Fighting
   638 | D        | Killed a black draconian
   639 | D        | Reached skill level 10 in Armour
   639 | D        | Killed a green draconian
   639 | D        | Killed a yellow draconian
   640 | D        | Killed a purple draconian
   932 | D        | Got Guudgh's Essays on Fetching Putridity
   934 | D        | Got Sif Muna's Encyclopedia of Fiery Rime
   938 | D        | Got the Octavo of the Shot
   951 | D        | Entered arena 13.
   951 | D        | Noticed a necromancer
   951 | D        | Noticed a lich
   952 | D        | Noticed a vampire knight
   952 | D        | Noticed a skeletal warrior
   953 | D        | Found a transporter.
   955 | D        | Killed a skeletal warrior
   955 | D        | Killed a necromancer
   956 | D        | Reached skill level 10 in Shields
   956 | D        | Gained mutation: A meltable shield of frost defends you.
                  | (SH +4) [demonic ancestry]
   956 | D        | Reached XP level 12. HP: 99/99 MP: 5/22
   957 | D        | Paralysed by a vampire knight for 5 turns
   958 | D        | Killed a lich
   962 | D        | Slain by a vampire knight

Illustrated notes

Levels and vault maps discovered:
D:        sprint_v [room_start, room_1, room_2, room_3, room_4, room_5, room_6,
          room_7, room_8, room_9, room_10, room_11, room_12, room_13, room_14,
          room_15, room_16, room_17, room_18, room_19, room_20, room_21,
          room_22, room_23, room_24, room_25, room_26, room_27]

Skill      XL: |  1  2  3  4  5  6  7  8  9 10 11 12 |
---------------+-------------------------------------+-----
Fighting       | 4 5 6 7 8 9 10 12 14 15 16 | 16.1
Axes           | 4 6 8 10 11 14 16 | 16.9
Armour         | 2 3 4 5 6 7 9 10 | 10.6
Dodging        | 3 4 5 6 7 8 9 10 11 | 11.1
Shields        | 2 3 4 5 6 7 8 10 | 10.2
Invocations    | 3 5 6 7 8 9 10 12 14 | 14.3

Action                     |  1- 3 |  4- 6 |  7- 9 | 10-12 || total
---------------------------+-------+-------+-------+-------++-------
  Melee: Broad axe         |     4 |     2 |    29 |    31 ||    66
 Invoke: Disaster Area     |       |       |     1 |     4 ||     5
    Use: Potion            |     3 |       |     4 |     1 ||     8
         Scroll            |       |       |       |     1 ||     1
 Armour: Gold dragon scale |     1 |       |    10 |    12 ||    23
  Dodge: Dodged            |       |       |     2 |     4 ||     6
         Repelled          |       |       |     1 |     1 ||     2
  Block: Kite shield       |     7 |     1 |    81 |    41 ||   130
         Reflection        |       |       |     3 |     2 ||     5

Table legend: (Time is in decaauts)
 A = Elapsed time spent in this place.
 B = Non-inter-level travel time spent in this place.
 C = Inter-level travel time spent in this place.
 D = Time resting spent in this place.
 E = Time spent auto-exploring this place.
 F = Levels seen in this place.
 G = Mean time per level.
                   A        B        C        D        E       F      G
               +--------+--------+--------+--------+--------+-----+--------+
         Total |    965 |    965 |      0 |    637 |      0 |   1 |  965.0 |
       Dungeon |    965 |    965 |      0 |    637 |      0 |   1 |  965.0 |
               +--------+--------+--------+--------+--------+-----+--------+

Top non-repeatable levels by time:
       D: 965 daAuts
